 Dungeon Crawl Stone Soup version 0.22-a0-346-ga714374 (webtiles) character file.

157 Gildeon the Chopper (level 5, -3/45 HPs)
             Began as a Minotaur Fighter on Apr 6, 2018.
             Slain by PaperRat's ghost (4 damage)
             ... on level 4 of the Dungeon.
             The game lasted 00:09:11 (2210 turns).

Gildeon the Chopper (Minotaur Fighter)              Turns: 2210, Time: 00:09:13

Health: -3/45      AC:  7    Str: 21    XL:     5   Next: 15%
Magic:  4/4        EV: 11    Int:  5    God:
Gold:   209        SH:  0    Dex: 15    Spells: 4/4 levels left

rFire    . . .     SeeInvis .   a - +3 war axe
rCold    . . .     Gourm    .   (no shield)
rNeg     . . .     Faith    .   c - +2 plate armour
rPois    .         Spirit   .   (helmet restricted)
rElec    .         Reflect  .   (no cloak)
rCorr    .         Harm     .   (no gloves)
MR       .....                  (no boots)
Stlth    ..........             (no amulet)
HPRegen  0.15/turn              h - -6 ring of protection (curse)
MPRegen  0.09/turn              (no ring)

@: agile, liquid flames, glowing, drained
A: retaliatory headbutt, horns 2
a: no special abilities


You were on level 4 of the Dungeon.
You were not hungry.

You visited 1 branch of the dungeon, and saw 5 of its levels.

You collected 209 gold pieces.

Inventory:

Hand Weapons
 a - a +3 war axe (weapon)
Armour
 c - a +2 plate armour (worn)
Jewellery
 h - a cursed -6 ring of protection (left hand)
Scrolls
 d - 5 scrolls of identify
Potions
 e - a potion of invisibility
Comestibles
 f - 7 rations
 g - 5 chunks of flesh


   Skills:
 - Level 3.6(2.7) Fighting
 + Level 6.5(5.5) Axes
 - Level 3.6(2.7) Armour
   Level 3.6(2.7) Shields


You had 4 spell levels left.
You didn't know any spells.

Dungeon Overview and Level Annotations

Branches:
Dungeon (5/15)
 Temple: D:4-7

Altars:
Dithmenos
Hepliaklqana
Trog
Vehumet

Annotations:
D:4 PaperRat's ghost, amateur TeFE


Innate Abilities, Weirdness & Mutations

You reflexively headbutt those who attack you in melee.
You have a pair of horns on your head.


Message History

You are covered in liquid flames!
* * * LOW HITPOINT WARNING * * *
Something hits you but does no damage.
PaperRat's ghost hits you but does no damage.
You feel drained.
You barely miss PaperRat's ghost. Your headbutt misses PaperRat's ghost.
PaperRat's ghost is moderately damaged.
Your plate armour prevents you from hitting something.
You are covered in liquid flames!
* * * LOW HITPOINT WARNING * * *
Something hits you but does no damage.
PaperRat's ghost hits you but does no damage.
You feel drained.
You closely miss PaperRat's ghost. You headbutt PaperRat's ghost.
PaperRat's ghost is moderately damaged.
You closely miss something.
You are covered in liquid flames!
* * * LOW HITPOINT WARNING * * *
Something barely misses you. PaperRat's ghost hits you.
You die...

.......##......... #.
##.................. ...
#.........###.#.....
...####.........##..#.....
........................[.
.........###.###..........
o........ #.###....#.....
W.?.....####.#>..####.....
........W@.......# #.....
.!.......###.##..# #<####
........####.##..........#
.......###.......####.##..
####### #.......# ..# #
#....#### .## #.....<.# ..
#.............
#.............


You could see PaperRat's ghost.

Vanquished Creatures
  A hound (D:4)
  3 gnolls
  3 adders
  2 dart slugs
  4 leopard geckos
  4 orcs (D:4)
  A ball python (D:5)
  4 giant cockroaches
  4 goblins (D:1)
  8 hobgoblins
  2 jackals (D:3)
  7 bats
  5 frilled lizards
  5 kobolds (D:1)
  9 rats
62 creatures vanquished.

Notes
Turn   | Place    | Note
-------+----------+-------------------------------------------
     0 | D:1      | Gildeon the Minotaur Fighter began the quest for the Orb.
     0 | D:1      | Reached XP level 1. HP: 19/19 MP: 0/0
    22 | D:1      | Reached skill level 3 in Axes
   104 | D:1      | Reached XP level 2. HP: 25/26 MP: 1/1
   317 | D:1      | Reached skill level 4 in Axes
   429 | D:1      | Reached XP level 3. HP: 27/31 MP: 2/2
   644 | D:2      | Reached skill level 5 in Axes
  1073 | D:2      | Found a bloodstained altar of Trog.
  1073 | D:2      | Found a radiant altar of Vehumet.
  1182 | D:2      | Reached XP level 4. HP: 39/39 MP: 3/3
  1816 | D:3      | Noticed an ice beast
  1868 | D:3      | Reached skill level 6 in Axes
  1896 | D:3      | Found a shadowy altar of Dithmenos.
  2111 | D:4      | Reached XP level 5. HP: 45/45 MP: 4/4
  2132 | D:5      | Entered Level 5 of the Dungeon
  2147 | D:4      | Found a hazy altar of Hepliaklqana.
  2188 | D:4      | Noticed PaperRat's ghost (amateur TeFE)
  2210 | D:4      | HP: 1/45 [burnt (7)]
  2210 | D:4      | Slain by PaperRat's ghost

Vault maps used:
D:1:      ncdulo_lavacross
D:2:      amethyst_overflow_temple_binary, first_ration
D:3:      nicolae_dithmenos_shadow_blocks, lightli_corner_chamber
D:4:      lemuel_doored_altar, overflow_temple_1_default, okawaru_trees_2
D:5:      minmay_temple_entry_nine_rooms

Skill      XL: |  1  2  3  4 |
---------------+-------------+-----
Axes           | 3 4 5 6 |  6.5
Fighting       | |  3.6
Armour         | |  3.6
Shields        | |  3.6

Action                   |  1- 3 |  4- 6 || total
-------------------------+-------+-------++-------
Melee: War axe           |    99 |    52 ||   151
       Headbutt          |    12 |     9 ||    21
  Use: Scroll            |     5 |     6 ||    11
       Potion            |     4 |     1 ||     5
  Eat: Chunk             |     1 |     3 ||     4
Armor: Scale mail        |    61 |       ||    61
       Plate armour      |    19 |    52 ||    71
Dodge: Dodged            |    57 |    13 ||    70

Table legend:
 A = Spawn XP
 B = Non-spawn XP
 C = Spawn XP percentage of total XP
 D = Spawn monster count
 E = Non-spawn monster count
 F = Spawn count percentage of total count
 G = Total turns spent on level
                    A         B        C        D         E        F      G
               +---------+---------+-------+---------+---------+-------+---------
         Total |       0 |     225 |   0.0 |       0 |      62 |   0.0 |  2210
               +---------+---------+-------+---------+---------+-------+---------
           D:1 |       0 |      52 |   0.0 |       0 |      30 |   0.0 |   569
           D:2 |       0 |      45 |   0.0 |       0 |      12 |   0.0 |   895
           D:3 |       0 |      70 |   0.0 |       0 |      13 |   0.0 |   637
           D:4 |       0 |      56 |   0.0 |       0 |       6 |   0.0 |    98
           D:5 |       0 |       2 |   0.0 |       0 |       1 |   0.0 |    11
               +---------+---------+-------+---------+---------+-------+---------
